[Event "Titled Tuesday Blitz March 29 Early 2022"]
[White "Zhigalko, Sergei"]
[Black "Nozdrachev, Leonid"]
[WhiteFideId "13502956"]
[BlackFideId "24113433"]
[WhiteElo "2662"]
[BlackElo "2118"]
[Result "1-0"]
[Round "03"]
[TimeControl "180+1"]
[Date "2022.03.30"]
[WhiteClock "0:00:05"]
[BlackClock "0:00:06"]

1. e4 d6 2. d4 Nf6 3. Nc3 e5 4. Nf3 Nbd7 5. Bc4 Be7 6. O-O O-O 7. a4 c6 8. Re1 Qc7 9. Ba2 Re8 10. Ng5 Rf8 11. Be3 exd4 12. Bxd4 Ne5 13. f4 Neg4 14. h3 c5 15. Nb5 Qb6 16. Bc3 Nh6 17. Qf3 Bd7 18. Rad1 Rad8 19. Bc4 a6 20. a5 Qc6 21. Na3 Qc8 22. Rd2 Bc6 23. Red1 Kh8 24. Qe2 Nd7 25. Ba2 Bf6 26. Nc4 Bb5 27. Rxd6 Bxc3 28. bxc3 Nf6 29. e5 Rxd6 30. Rxd6 Ne8 31. Rd1 Nc7 32. Qf2 Bxc4 33. Bxc4 Nb5 34. Bxb5 axb5 35. Rd5 c4 36. Rxb5 Qf5 37. Rc5 Rd8 38. Rxc4 f6 39. exf6 gxf6 40. Ne4 Qe6 41. Rd4 Re8 42. Ng3 Nf5 43. Nxf5 Qxf5 44. Kh2 Qxa5 45. Qf3 Qf5 46. Rd3 b6 47. c4 Rg8 48. Rd2 Qg6 49. Rf2 Qf5 50. Qc3 Re8 51. g4 Qe4 52. Qxf6+ Kg8 53. Qg5+ Kf7 54. Qh5+ Kg7 55. Qh4 Qe3 56. Qg5+ Kf7 57. Qf5+ Kg7 58. Qg5+ Kf7 59. Rg2 Qf3 60. Qd5+ Qxd5 61. cxd5 Re4 62. Kg3 Rc4 63. Rd2 Ke7 64. d6+ Kd7 65. f5 h6 66. Kh4 Rc3 67. g5 hxg5+ 68. Kxg5 Rxh3 69. f6 Rg3+ 70. Kf4 Rg1 71. Ke5 Re1+ 72. Kd5 Rf1 73. Ke5 Re1+ 74. Kf5 Rf1+ 75. Kg6 Rg1+ 76. Kf7 b5 77. Kf8 Rg6 78. f7 Rg1 79. Re2 Rg2 80. Rxg2 Kxd6 81. Ke8 1-0


[Site "https://www.chess.com"]

[Event "Titled Tuesday Blitz March 29 Early 2022"]
[White "parintele_chess"]
[Black "Gu, Xiaobing"]
[BlackFideId "8602611"]
[WhiteElo "2231"]
[BlackElo "2174"]
[Result "1-0"]
[Round "03"]
[TimeControl "180+1"]
[Date "2022.03.30"]
[WhiteClock "0:02:19"]
[BlackClock "0:01:24"]

1. d4 Nf6 2. Bf4 g6 3. Nc3 d5 4. e3 Bg7 5. h4 h5 6. Bd3 c5 7. Nb5 Na6 8. c3 Bd7 9. a4 Qb6 10. Nf3 c4 11. Bc2 Bxb5 12. axb5 Nc7 13. Bxc7 Qxc7 14. Ne5 Ne4 15. Bxe4 dxe4 16. b6 Qxb6 17. Qa4+ 1-0


[Site "https://www.chess.com"]

[Event "Titled Tuesday Blitz March 29 Early 2022"]
[White "volunteers1998"]
[Black "Derraugh, Geordie"]
[BlackFideId "2603950"]
[WhiteElo "2262"]
[BlackElo "2116"]
[Result "1-0"]
[Round "03"]
[TimeControl "180+1"]
[Date "2022.03.30"]
[WhiteClock "0:00:36"]
[BlackClock "0:00:52"]

1. e4 e5 2. Nf3 Nc6 3. Bc4 Bc5 4. b4 Bxb4 5. c3 Be7 6. d4 exd4 7. Qb3 Na5 8. Bxf7+ Kf8 9. Qa4 Kxf7 10. Qxa5 c6 11. Qa4 d6 12. cxd4 Nf6 13. Nc3 Re8 14. Qb3+ Kf8 15. Ng5 d5 16. e5 h6 17. Nf3 Nh7 18. O-O Kg8 19. Re1 Qb6 20. Qc2 Bg4 21. Rb1 Qc7 22. Nxd5 Qd7 23. Nxe7+ Rxe7 24. Rb3 Rf8 25. Ba3 Bxf3 26. Bxe7 Qxe7 27. Rxf3 Rxf3 28. gxf3 Ng5 29. Qf5 Qb4 30. Re3 Qxd4 31. e6 Qh4 32. e7 Nh3+ 33. Qxh3 Qxh3 34. e8=Q+ Kh7 35. Qe4+ Kh8 36. Qg4 1-0


[Site "https://www.chess.com"]

[Event "Titled Tuesday Blitz March 29 Early 2022"]
[White "Aaditya Dhingra"]
[Black "Caruana, Fabiano"]
[WhiteFideId "25678191"]
[BlackFideId "2020009"]
[WhiteElo "1849"]
[BlackElo "2744"]
[Result "0-1"]
[Round "04"]
[TimeControl "180+1"]
[Date "2022.03.29"]
[WhiteClock "0:00:07"]
[BlackClock "0:00:56"]

1. e4 c6 2. Nf3 d5 3. Nc3 dxe4 4. Nxe4 Nf6 5. Qe2 Nxe4 6. Qxe4 Qd5 7. Qh4 Bf5 8. Bc4 Qd6 9. d3 e6 10. O-O Be7 11. Bf4 Bxh4 12. Bxd6 Be7 13. Be5 O-O 14. Rfe1 Nd7 15. Bc3 Nb6 16. Bb3 a5 17. a3 a4 18. Ba2 Nd5 19. Bd2 Bf6 20. Rab1 Rfd8 21. Bg5 Bxg5 22. Nxg5 h6 23. Nf3 Rac8 24. h3 b5 25. g4 Bh7 26. Kh2 c5 27. Bxd5 Rxd5 28. Rbc1 c4 29. d4 c3 30. bxc3 Rxc3 31. Re3 Rxc2 32. Rxc2 Bxc2 33. Rc3 Be4 34. Ne5 f6 35. Nc6 Rd6 36. Na7 b4 37. axb4 Rxd4 38. f3 Bd5 39. b5 Rb4 40. Kg3 Rb3 41. Rc8+ Kh7 42. Nc6 Rxf3+ 43. Kh2 Rf2+ 44. Kg3 Rf3+ 45. Kh2 Rc3 46. Ne7 Rxc8 47. Nxc8 a3 0-1


[Site "https://www.chess.com"]

[Event "Titled Tuesday Blitz March 29 Early 2022"]
[White "Abdrlauf, Elham"]
[Black "Garagulya, Konstantin"]
[WhiteFideId "1533533"]
[BlackFideId "4128931"]
[WhiteElo "2334"]
[BlackElo "2329"]
[Result "1-0"]
[Round "04"]
[TimeControl "180+1"]
[Date "2022.03.29"]
[WhiteClock "0:00:03"]
[BlackClock "0:00:01"]

1. Nf3 Nf6 2. c4 e6 3. Nc3 d5 4. cxd5 exd5 5. d4 c6 6. Bg5 Be7 7. e3 Bf5 8. Bd3 Bxd3 9. Qxd3 Qb6 10. Bxf6 Bxf6 11. O-O O-O 12. b4 Qxb4 13. Rab1 Qe7 14. e4 dxe4 15. Nxe4 b6 16. Rfe1 h6 17. d5 Qd8 18. d6 Nd7 19. Rbd1 Re8 20. Nd4 Bxd4 21. Qxd4 Re6 22. Ng3 Qf6 23. Qc4 Rxe1+ 24. Rxe1 Qxd6 25. Nf5 Qf6 26. Ne7+ Kf8 27. Qe4 g6 28. Nxc6 Nc5 29. Qd5 Re8 30. Rf1 a5 31. Nxa5 Rd8 32. Qc4 Rd2 33. Nb3 Nxb3 34. axb3 Kg7 35. g3 h5 36. h4 Rb2 37. b4 1-0


[Site "https://www.chess.com"]

[Event "Titled Tuesday Blitz March 29 Early 2022"]
[White "Abdusattorov, Nodirbek"]
[Black "Vestby-Ellingsen, Mads"]
[WhiteFideId "14204118"]
[BlackFideId "1520857"]
[WhiteElo "2663"]
[BlackElo "2232"]
[Result "1-0"]
[Round "04"]
[TimeControl "180+1"]
[Date "2022.03.30"]
[WhiteClock "0:00:13"]
[BlackClock "0:00:01"]

1. e4 e5 2. Nf3 Nc6 3. Bb5 a6 4. Ba4 Nf6 5. Nc3 Bb4 6. d3 O-O 7. O-O Bxc3 8. bxc3 d6 9. Bg5 Qe7 10. Re1 Nd8 11. d4 Ne6 12. Bc1 c6 13. Bb3 Qc7 14. a4 a5 15. Ba3 Rd8 16. Qc1 Nh5 17. g3 c5 18. Bd5 Nf6 19. dxe5 dxe5 20. c4 Bd7 21. Bb2 Nd4 22. Nd2 Bg4 23. Kg2 Qd7 24. f3 Bh3+ 25. Kf2 Be6 26. c3 Nc6 27. Qc2 Ne7 28. Kg1 Ng6 29. Nf1 Rac8 30. Bc1 Bxd5 31. cxd5 c4 32. Rb1 Ne8 33. Be3 Ra8 34. Bb6 Rdc8 35. Ne3 Nd6 36. h4 Ra6 37. Rb2 Ne7 38. Reb1 f5 39. Qg2 fxe4 40. fxe4 Rf8 41. Nf1 Qg4 42. Nd2 Rf7 43. Bc5 Nec8 44. Rf1 Rxf1+ 45. Nxf1 b6 46. Bxd6 Nxd6 47. Nd2 1-0


[Site "https://www.chess.com"]

[Event "Titled Tuesday Blitz March 29 Early 2022"]
[White "Aditya Mittal"]
[Black "Ilyasli, Ughur"]
[WhiteFideId "35042025"]
[BlackFideId "13416197"]
[WhiteElo "2689"]
[BlackElo "2470"]
[Result "1-0"]
[Round "04"]
[TimeControl "180+1"]
[Date "2022.03.30"]
[WhiteClock "0:00:21"]
[BlackClock "0:00:02"]

1. d4 Nf6 2. c4 g6 3. Nc3 Bg7 4. e4 d6 5. Be2 O-O 6. Be3 e5 7. d5 Nbd7 8. h4 h5 9. Nh3 Nc5 10. f3 a5 11. Qd2 c6 12. dxc6 bxc6 13. Rd1 Nb7 14. Nf2 Nh7 15. g4 hxg4 16. fxg4 f5 17. gxf5 gxf5 18. exf5 Bxf5 19. Nce4 Rb8 20. b3 a4 21. b4 a3 22. h5 Nf6 23. Ng3 Bh7 24. Bd3 e4 25. Bc2 d5 26. h6 Bh8 27. Bb3 Qd6 28. Bf4 Qe6 29. cxd5 cxd5 30. Bxb8 e3 31. Qxd5 exf2+ 32. Kf1 Nxd5 33. Bxd5 Qxd5 34. Rxd5 Rxb8 35. Rd7 Be5 36. Kxf2 Rf8+ 37. Kg2 Nd6 38. Re1 Bxg3 39. Kxg3 Nf5+ 40. Kg2 Rc8 41. b5 Rc2+ 42. Kg1 Rc8 43. b6 Rb8 44. b7 Nxh6 45. Rc1 Bf5 46. Rc8+ Rxc8 47. bxc8=Q# 1-0


[Site "https://www.chess.com"]

[Event "Titled Tuesday Blitz March 29 Early 2022"]
[White "Alinasab, Mobina"]
[Black "Tanenbaum, Zachary"]
[WhiteFideId "12528897"]
[BlackFideId "2060850"]
[WhiteElo "2450"]
[BlackElo "2688"]
[Result "1/2-1/2"]
[Round "04"]
[TimeControl "180+1"]
[Date "2022.03.30"]
[WhiteClock "0:00:14"]
[BlackClock "0:00:10"]

1. e4 e5 2. Nf3 Nc6 3. Bb5 a6 4. Ba4 d6 5. c4 Bg4 6. h3 Bxf3 7. Qxf3 Nf6 8. Nc3 Be7 9. Qd1 Nd7 10. Bxc6 bxc6 11. d4 exd4 12. Qxd4 Bf6 13. Qe3 O-O 14. O-O Re8 15. f3 Rb8 16. Qd2 Be5 17. Ne2 Qf6 18. Rb1 c5 19. b3 Nb6 20. Qd3 Qe6 21. Bf4 Nd7 22. Bxe5 Nxe5 23. Qd2 f5 24. Nf4 Qf7 25. Qd5 fxe4 26. fxe4 Qxd5 27. exd5 c6 28. dxc6 Nxc6 29. Rbd1 Nd4 30. Rd2 a5 31. Rff2 a4 32. bxa4 Ra8 33. Ne2 Nxe2+ 34. Rfxe2 Rxe2 35. Rxe2 Rxa4 36. Rd2 Rxc4 37. Rxd6 Ra4 38. Rc6 Ra5 39. a4 Kf7 40. Rc7+ Kf6 41. Kf2 h5 42. Ke3 g6 43. g3 Ke5 44. Rc6 Kf5 45. Kf3 Kg5 46. h4+ Kh6 47. Rc7 Rxa4 48. Rxc5 Kg7 49. Rc7+ Kf6 50. Rc6+ Kf7 51. Rc7+ Kg8 52. Rc6 Kg7 53. Rc7+ Kh6 54. Rc6 Rd4 55. Rb6 Rc4 56. Ra6 Rb4 57. Rc6 Rb5 58. Rd6 Rf5+ 59. Kg2 Rf7 60. Rc6 Kg7 61. Rb6 Re7 62. Ra6 Kf7 63. Rb6 Re5 64. Rb7+ Kf6 65. Rb6+ Kf5 66. Ra6 Re4 67. Kf3 Re5 68. Rb6 Rc5 69. Ra6 Rc3+ 70. Kf2 Rb3 71. Ra5+ Kf6 72. Ra6+ Kg7 73. Ra7+ Kh6 74. Ra6 Rc3 75. Rb6 Rc7 76. Ra6 Rf7+ 77. Kg2 Kg7 78. g4 Rf4 79. gxh5 gxh5 80. Kg3 Rg4+ 81. Kh3 Kh7 82. Ra7+ Kh6 83. Ra6+ Kh7 84. Ra7+ Kh6 85. Ra5 Rg6 86. Rb5 Re6 87. Ra5 Re3+ 88. Kg2 Re4 89. Kg3 Re6 90. Rb5 Rd6 91. Kh3 Rd4 92. Kg3 Rg4+ 93. Kh3 Rg7 94. Rb6+ Kh7 95. Rb5 Kh6 96. Rb6+ Kh7 97. Rb5 Kh6 1/2-1/2


[Site "https://www.chess.com"]

[Event "Titled Tuesday Blitz March 29 Early 2022"]
[White "Al-Tarboush, Ward"]
[Black "Demchenko, Anton"]
[WhiteFideId "7601450"]
[BlackFideId "4160258"]
[WhiteElo "2276"]
[BlackElo "2539"]
[Result "0-1"]
[Round "04"]
[TimeControl "180+1"]
[Date "2022.03.29"]
[WhiteClock "0:01:45"]
[BlackClock "0:01:02"]

1. e4 e5 2. Nf3 Nc6 3. Bb5 a6 4. Ba4 Nge7 5. O-O Ng6 6. c3 d6 7. d4 Bd7 8. Nbd2 Be7 9. Re1 O-O 10. Nf1 b5 11. Bb3 exd4 12. cxd4 Na5 13. Bc2 c5 14. Ng3 Re8 15. e5 cxd4 16. exd6 Bxd6 17. Bg5 Rxe1+ 18. Qxe1 Qb6 19. Rd1 Re8 20. Qf1 Bg4 21. Qd3 Nc4 22. Qxd4 Qxd4 23. Rxd4 Bxf3 24. gxf3 Be5 25. Re4 h6 26. Bc1 Rc8 27. Bb3 Nxb2 28. Bxb2 Bxb2 29. Nf5 Kf8 30. Bxf7 Rc1+ 31. Kg2 Kxf7 32. Nd6+ Kg8 33. Re6 0-1


[Site "https://www.chess.com"]

[Event "Titled Tuesday Blitz March 29 Early 2022"]
[White "Aradhya, Garg"]
[Black "Vusatiuk, Vladimir"]
[WhiteFideId "25006746"]
[BlackFideId "14118610"]
[WhiteElo "2695"]
[BlackElo "2475"]
[Result "1-0"]
[Round "04"]
[TimeControl "180+1"]
[Date "2022.03.30"]
[WhiteClock "0:00:49"]
[BlackClock "0:00:02"]

1. d4 d5 2. c4 e6 3. Nc3 c5 4. e3 Nf6 5. Nf3 Nc6 6. a3 cxd4 7. exd4 Be7 8. Be3 O-O 9. Rc1 dxc4 10. Bxc4 a6 11. O-O b5 12. d5 Na5 13. Ba2 exd5 14. Nxd5 Nxd5 15. Bxd5 Bb7 16. Bxb7 Nxb7 17. Ne5 Bd6 18. Qd5 Bxe5 19. Qxe5 Na5 20. Bd4 f6 21. Qe6+ Kh8 22. Bb6 Qd2 23. Rfd1 Qxb2 24. Bxa5 Qxa3 25. Ra1 Qb2 26. h4 Rfe8 27. Qf7 Rf8 28. Qd5 Qc2 29. h5 h6 30. Rac1 Qe2 31. Re1 Qg4 32. Re7 Qf4 33. Rce1 Rac8 34. g3 Qg4 35. Kg2 Qa4 36. Bb6 b4 37. R1e4 Qc2 38. Rxb4 Rb8 39. Ba5 Rbd8 40. Bxd8 1-0


[Site "https://www.chess.com"]

[Event "Titled Tuesday Blitz March 29 Early 2022"]
[White "Atakhan, Abtin"]
[Black "Odegov, Artem"]
[WhiteFideId "22502203"]
[BlackFideId "34183644"]
[WhiteElo "2703"]
[BlackElo "2502"]
[Result "1-0"]
[Round "04"]
[TimeControl "180+1"]
[Date "2022.03.30"]
[WhiteClock "0:00:14"]
[BlackClock "0:00:09"]

1. c4 Nf6 2. g3 g6 3. Bg2 Bg7 4. Nc3 O-O 5. e4 c5 6. Nge2 d6 7. O-O Nc6 8. d3 Nd7 9. Be3 a6 10. Qd2 Rb8 11. a4 Nd4 12. Rae1 f5 13. exf5 gxf5 14. Nf4 Nf6 15. Bxd4 cxd4 16. Ncd5 e5 17. Nxf6+ Qxf6 18. Nd5 Qh6 19. Qb4 Bd7 20. f4 Kh8 21. a5 Bc6 22. Qb6 Ra8 23. Nc7 Bxg2 24. Kxg2 Rab8 25. fxe5 dxe5 26. Qxh6 Bxh6 27. Rxe5 f4 28. Ne6 Rf7 29. Nxf4 Rbf8 30. Re4 Kg8 31. Rxd4 Bg7 32. Re4 Bxb2 33. Rb1 Bc3 34. h4 Bxa5 35. Ne6 Re8 36. Ng5 Rxe4 37. Nxe4 Re7 38. Kf3 Kf7 39. Nd6+ Kf6 40. Nxb7 Bc3 41. Nc5 Bd4 42. Ne4+ Kg7 43. c5 a5 44. c6 a4 45. Rb7 Kf8 46. c7 Rxc7 47. Rxc7 a3 48. Rc8+ Ke7 49. Ra8 Bb2 50. Nd2 Ke6 51. Nc4 Bc1 52. Nxa3 Kf5 53. Nc4 Kg6 54. Re8 Kh5 55. Re4 h6 56. Ne5 Bd2 57. Rg4 Bg5 58. hxg5 hxg5 59. Re4 g4+ 60. Rxg4 Kh6 61. d4 Kh5 62. d5 Kh6 63. d6 Kh5 64. d7 Kh6 65. d8=Q Kh5 66. Qh8# 1-0


[Site "https://www.chess.com"]

[Event "Titled Tuesday Blitz March 29 Early 2022"]
[White "Avalos Parra, Joao"]
[Black "Janaszak, Dawid"]
[WhiteFideId "3402541"]
[BlackFideId "1119206"]
[WhiteElo "2173"]
[BlackElo "2199"]
[Result "0-1"]
[Round "04"]
[TimeControl "180+1"]
[Date "2022.03.30"]
[WhiteClock "0:00:02"]
[BlackClock "0:01:20"]

1. d4 Nf6 2. Nf3 d6 3. Nbd2 g6 4. e4 Bg7 5. Bb5+ Nfd7 6. c3 a6 7. Bd3 c5 8. O-O O-O 9. Re1 b5 10. a4 cxd4 11. cxd4 bxa4 12. Rxa4 Bb7 13. Nc4 Nc6 14. Be3 a5 15. Qd2 Nb4 16. Bb1 d5 17. exd5 Bxd5 18. b3 Nb6 19. Nxb6 Qxb6 20. Ra3 Qb7 21. Nh4 Rfd8 22. Bg5 Rd7 23. Qf4 f6 24. Bh6 g5 25. Bxg5 fxg5 26. Qxg5 e6 27. Qh5 Bf6 28. Re3 Rg7 29. Rg3 Rxg3 30. hxg3 Rc8 31. Ra1 Bxd4 32. Qg4+ Qg7 33. Qxg7+ Kxg7 0-1


[Site "https://www.chess.com"]

[Event "Titled Tuesday Blitz March 29 Early 2022"]
[White "Babazada, Khazar"]
[Black "Guz, Ari"]
[WhiteFideId "13413554"]
[BlackFideId "2825759"]
[WhiteElo "2418"]
[BlackElo "1913"]
[Result "1/2-1/2"]
[Round "04"]
[TimeControl "180+1"]
[Date "2022.03.29"]
[WhiteClock "0:00:05"]
[BlackClock "0:00:09"]

1. Nf3 Nf6 2. g3 g6 3. Bg2 Bg7 4. O-O O-O 5. b3 c5 6. Bb2 Nc6 7. d3 d6 8. Nbd2 Bd7 9. e4 Qc8 10. Re1 Bh3 11. Bh1 Rd8 12. Nc4 Bg4 13. Ne3 Be6 14. Ng5 Bd7 15. f4 Nd4 16. c3 Nc6 17. Qe2 Ng4 18. Rad1 Nxe3 19. Qxe3 Bg4 20. Nf3 e5 21. Rf1 b6 22. Rd2 Bh6 23. d4 exf4 24. gxf4 Re8 25. Rdf2 d5 26. e5 Ne7 27. Nh4 Qe6 28. Qg3 Bf5 29. Nxf5 Nxf5 30. Qh3 cxd4 31. cxd4 Bg7 32. Rc2 Rac8 33. Rfc1 Rxc2 34. Rxc2 Nxd4 35. Qxe6 Nxe6 36. Bc1 d4 37. Kf2 Bh6 38. Kg3 Rd8 39. Rc4 d3 40. Bd2 Nxf4 41. Rxf4 Bxf4+ 42. Kxf4 Rd4+ 43. Be4 f6 44. exf6 Kf7 45. Ke3 Rd6 46. Bxd3 Kxf6 47. a4 h5 48. b4 g5 49. Bc3+ Kf7 50. Bf5 g4 51. Kf4 a5 52. bxa5 bxa5 53. Ke5 Rc6 54. Kd4 Rc7 55. Be1 Kf6 56. Bd3 Rd7+ 57. Kc4 Kg5 58. Bd2+ Kh4 59. Bxa5 Kh3 60. Bb6 Kxh2 61. a5 g3 62. a6 g2 63. a7 Rxa7 64. Bxa7 g1=Q 65. Bxg1+ Kxg1 66. Bf5 h4 67. Kd4 h3 68. Bxh3 1/2-1/2


[Site "https://www.chess.com"]

[Event "Titled Tuesday Blitz March 29 Early 2022"]
[White "Baches Garcia, Guillermo"]
[Black "Marcziter, Dmitrii"]
[WhiteFideId "2209764"]
[BlackFideId "13900765"]
[WhiteElo "2489"]
[BlackElo "2155"]
[Result "1-0"]
[Round "04"]
[TimeControl "180+1"]
[Date "2022.03.30"]
[WhiteClock "0:00:07"]
[BlackClock "0:00:09"]

1. e4 e5 2. Nf3 Nc6 3. Bc4 Nf6 4. Ng5 d5 5. exd5 Na5 6. Bb5+ c6 7. dxc6 bxc6 8. Qf3 Be7 9. Bd3 O-O 10. Nc3 Rb8 11. O-O h6 12. Nge4 Nd5 13. Ng3 g6 14. Be4 Be6 15. Qe2 Nf4 16. Qd1 f5 17. Bf3 e4 18. Be2 Nc4 19. d3 Nxe2+ 20. Qxe2 Nxb2 21. Bxh6 Rf7 22. Bf4 Rb4 23. a3 Rb7 24. h3 Bf6 25. Bd2 Rbe7 26. dxe4 Bc4 27. Qf3 Bxf1 28. Nxf1 Nc4 29. Rd1 Bd4 30. Qd3 Ne5 31. Qe2 f4 32. Nh2 f3 33. Nxf3 Nxf3+ 34. gxf3 Rd7 35. Rb1 Qh4 36. Kg2 Rh7 37. Rh1 Rh5 38. Qc4+ Kg7 39. Nd1 Bxf2 40. Nxf2 Rxd2 41. Qc3+ Kh7 42. Qxd2 Rg5+ 43. Ng4 Rb5 44. Qd7+ Kg8 45. Qe8+ Kg7 46. Qd7+ Kg8 47. Rd1 Rb8 48. Qe6+ Kg7 49. Rd7+ Kh8 50. Qe5+ Kg8 51. Qg7# 1-0


[Site "https://www.chess.com"]

[Event "Titled Tuesday Blitz March 29 Early 2022"]
[White "Bachmann, Axel"]
[Black "Fiol, Fabrice"]
[WhiteFideId "3700488"]
[BlackFideId "611670"]
[WhiteElo "2587"]
[BlackElo "2441"]
[Result "1-0"]
[Round "04"]
[TimeControl "180+1"]
[Date "2022.03.30"]
[WhiteClock "0:00:38"]
[BlackClock "0:00:04"]

1. d4 Nf6 2. g3 e6 3. c4 d5 4. Nf3 c5 5. cxd5 exd5 6. Nc3 Nc6 7. Bg2 Be7 8. O-O O-O 9. dxc5 Bxc5 10. a3 Be6 11. b4 Be7 12. Bb2 Re8 13. Rc1 Rc8 14. Na4 b6 15. Nc3 Qd7 16. Re1 Bh3 17. Bh1 Rcd8 18. e3 Bg4 19. Qb3 Bxf3 20. Bxf3 Ne5 21. Be2 Qh3 22. Rc2 Nfg4 23. Bxg4 Nxg4 24. f3 Ne5 25. Rf1 Qh6 26. Nxd5 Bd6 27. Nf4 Bb8 28. Rcf2 Qd6 29. Kg2 Qc6 30. e4 Qc8 31. Nd5 Qa6 32. Qc3 f6 33. h4 Nd3 34. Rd2 Nxb2 35. Qxb2 Be5 36. Qb3 Qb5 37. Nc7+ 1-0


[Site "https://www.chess.com"]

[Event "Titled Tuesday Blitz March 29 Early 2022"]
[White "Beerdsen, Thomas"]
[Black "Kozlov, Gennady"]
[WhiteFideId "1030108"]
[BlackFideId "4191668"]
[WhiteElo "2585"]
[BlackElo "2392"]
[Result "0-1"]
[Round "04"]
[TimeControl "180+1"]
[Date "2022.03.29"]
[WhiteClock "0:00:33"]
[BlackClock "0:01:04"]

1. e4 e6 2. d4 d5 3. Nc3 dxe4 4. Nxe4 Bd7 5. Nf3 Bc6 6. Ned2 Nd7 7. Nb3 Ngf6 8. c3 b6 9. Bd3 Bd6 10. O-O O-O 11. Re1 Re8 12. Bg5 Nf8 13. Ne5 Bb7 14. Ng4 Be7 15. Ne5 Ng6 16. Re3 Qd5 17. Qf1 Nxe5 18. Rxe5 Qc6 19. Bxf6 Bxf6 20. Be4 Qxe4 21. Rxe4 Bxe4 22. Re1 Bg6 23. Qa6 Rec8 24. h3 h5 25. Nd2 c5 26. dxc5 Rxc5 27. Ne4 Bxe4 28. Rxe4 Ra5 29. Qb7 Rd8 30. a4 Rd1+ 31. Kh2 Rd2 32. b4 Rxa4 33. Rf4 Raa2 34. Qa8+ Kh7 35. Qe4+ Kg8 36. c4 Rxf2 37. Rxf2 Rxf2 38. c5 bxc5 39. bxc5 Rf5 40. c6 Rc5 41. Qa4 a5 42. g3 Be5 43. Qe4 Bd6 44. h4 Rc3 45. Qd4 Rxc6 46. Qd3 a4 47. Qb5 Rc2+ 48. Kh3 a3 49. Qe8+ Bf8 50. Qa4 a2 51. Qa8 g6 52. Qa4 Kh7 53. Qa7 Bg7 0-1


[Site "https://www.chess.com"]

[Event "Titled Tuesday Blitz March 29 Early 2022"]
[White "Bintang, Rasyid A. Hidayat"]
[Black "Biletskiy, Danylo"]
[WhiteFideId "7105355"]
[BlackFideId "14155419"]
[WhiteElo "2365"]
[BlackElo "2087"]
[Result "1-0"]
[Round "04"]
[TimeControl "180+1"]
[Date "2022.03.30"]
[WhiteClock "0:01:10"]
[BlackClock "0:00:02"]

1. d4 d5 2. Bf4 g6 3. c4 c6 4. Nc3 Nf6 5. Nf3 Bg7 6. e3 O-O 7. Be2 h6 8. O-O Nh5 9. Be5 f6 10. Bxb8 Rxb8 11. cxd5 cxd5 12. Nd2 Be6 13. Bxh5 gxh5 14. Qxh5 Bf7 15. Qf3 e5 16. Nb3 b6 17. Rfd1 e4 18. Qf4 Qd7 19. a4 Rbc8 20. a5 Be6 21. axb6 axb6 22. Ra6 Rc6 23. Rda1 Rfc8 24. Ra7 R6c7 25. Rxc7 Rxc7 26. h3 Kh7 27. Ra6 Rxc3 28. bxc3 Qb5 29. Ra7 Qxb3 30. Qc7 Qd1+ 31. Kh2 Kg6 32. Qxg7+ Kf5 33. Qg4+ Qxg4 34. hxg4+ Kxg4 35. Rb7 Kg5 36. Rxb6 Bf7 37. Rb5 h5 38. c4 f5 39. c5 Kf6 40. Rb6+ Ke7 41. Rh6 Be8 42. c6 Kd8 43. Kg3 Kc7 44. Kf4 Bxc6 45. Rxh5 Bd7 46. Rxf5 Kc6 47. Rf6+ Kb5 48. Ke5 Kc4 49. Rd6 Bg4 50. Rxd5 Kd3 51. Kf4 Bd1 52. Re5 Ke2 53. Kg3 Bc2 54. d5 Kd3 55. d6 Ba4 56. Re7 1-0


[Site "https://www.chess.com"]

[Event "Titled Tuesday Blitz March 29 Early 2022"]
[White "Bortnyk, Olexandr"]
[Black "Talibov, Shiroghlan"]
[WhiteFideId "14120828"]
[BlackFideId "13429078"]
[WhiteElo "2723"]
[BlackElo "2070"]
[Result "1-0"]
[Round "04"]
[TimeControl "180+1"]
[Date "2022.03.29"]
[WhiteClock "0:00:34"]
[BlackClock "0:00:02"]

1. d4 Nf6 2. Nc3 d5 3. Bf4 a6 4. e3 Bf5 5. Nf3 e6 6. Ne5 c5 7. g4 Bg6 8. h4 cxd4 9. exd4 Ne4 10. h5 Nxc3 11. hxg6 hxg6 12. bxc3 Rxh1 13. Qf3 Rxf1+ 14. Kxf1 Nd7 15. Kg2 Nxe5 16. Bxe5 Qd7 17. Rh1 O-O-O 18. Rh7 Bd6 19. Rxg7 Rf8 20. Bxd6 Qxd6 21. Rxf7 Rh8 22. Qf4 Qc6 23. Qf6 Re8 24. Qxg6 Qxc3 25. Rf3 Qc6 26. Rc3 Qxc3 27. Qxe8+ Kc7 28. Qxe6 Qxd4 29. g5 Kb8 30. Qe8+ Kc7 31. Qe6 Kb8 32. g6 a5 33. c3 Qf4 34. Qe8+ Ka7 35. Qe3+ 1-0


[Site "https://www.chess.com"]

[Event "Titled Tuesday Blitz March 29 Early 2022"]
[White "Brodowski, Piotr"]
[Black "Dreev, Aleksey"]
[WhiteFideId "1124480"]
[BlackFideId "4100107"]
[WhiteElo "2422"]
[BlackElo "2625"]
[Result "1-0"]
[Round "04"]
[TimeControl "180+1"]
[Date "2022.03.29"]
[WhiteClock "0:00:07"]
[BlackClock "0:00:10"]

1. c4 c6 2. Nf3 d5 3. e3 Nf6 4. Qc2 g6 5. b3 Bg7 6. Bb2 O-O 7. d3 Na6 8. a3 Bf5 9. Nbd2 Nc5 10. b4 Ne6 11. Nh4 a5 12. Nxf5 gxf5 13. Be2 d4 14. O-O Qd7 15. Nf3 Ng4 16. h3 Nh6 17. Qc1 Rad8 18. exd4 f4 19. Re1 Nf5 20. Ne5 Qc7 21. Bg4 Nfxd4 22. Nxf7 Kxf7 23. Rxe6 Nxe6 24. Bxe6+ Kxe6 25. Bxg7 Rf7 26. Qc3 Qd6 27. Re1+ Kd7 28. Be5 Qg6 29. d4 f3 30. g3 Qf5 31. Kh2 Rg8 32. b5 Rg6 33. Qxa5 Rf8 34. Qc7+ Ke8 35. Qxb7 Rh6 36. g4 Qxg4 37. Qxc6+ Rxc6 38. hxg4 Rxc4 39. b6 Kd7 40. Rb1 Rc2 41. Kg3 Re2 42. b7 Rxe5 43. dxe5 Rb8 44. a4 Kc7 45. Kxf3 Rf8+ 46. Ke4 Kb8 47. a5 Rxf2 48. a6 Ra2 49. Rb6 e6 50. Rc6 Ra4+ 51. Kd3 Ra3+ 52. Kc4 1-0


[Site "https://www.chess.com"]

[Event "Titled Tuesday Blitz March 29 Early 2022"]
[White "Buscar, Michael"]
[Black "Przybylski, Wojciech"]
[WhiteFideId "2603616"]
[BlackFideId "1117599"]
[WhiteElo "2010"]
[BlackElo "2133"]
[Result "1-0"]
[Round "04"]
[TimeControl "180+1"]
[Date "2022.03.30"]
[WhiteClock "0:00:01"]
[BlackClock "0:00:02"]

1. Nf3 Nf6 2. b3 g5 3. Bb2 g4 4. Ne5 d6 5. Nd3 e5 6. e3 Nc6 7. Na3 Bf5 8. Be2 Qd7 9. Nc4 Bg7 10. f3 h5 11. e4 Be6 12. Ne3 Nd4 13. c3 Nxe2 14. Qxe2 Bh6 15. O-O-O O-O-O 16. Kb1 Rhg8 17. Rhf1 g3 18. h3 Bf4 19. Nxf4 exf4 20. Nc2 Rg6 21. c4 c6 22. d4 d5 23. cxd5 cxd5 24. e5 Ng8 25. Qd2 Ne7 26. Qxf4 Kb8 27. Rc1 Nf5 28. Ne3 Nxe3 29. Qxe3 Bf5+ 30. Ka1 Rc8 31. Ba3 Rgc6 32. Bd6+ Ka8 33. Rxc6 Qxc6 34. Qd2 Qc2 35. Rd1 h4 36. Ba3 b6 37. Bb2 Kb7 38. Ba3 a5 39. Be7 Qxd2 40. Rxd2 1-0


[Site "https://www.chess.com"]

[Event "Titled Tuesday Blitz March 29 Early 2022"]
[White "Bychkov, Vladimir"]
[Black "Vlassov, Nikolai"]
[WhiteFideId "24151513"]
[BlackFideId "4103360"]
[WhiteElo "2253"]
[BlackElo "2407"]
[Result "0-1"]
[Round "04"]
[TimeControl "180+1"]
[Date "2022.03.30"]
[WhiteClock "0:00:01"]
[BlackClock "0:00:07"]

1. e4 Nc6 2. b3 Nf6 3. d3 d5 4. exd5 Qxd5 5. Bb2 Bg4 6. f3 Bh5 7. Nc3 Qa5 8. Ne2 e5 9. Ng3 Bb4 10. Qd2 Nd5 11. Nxh5 O-O 12. a3 Bxc3 13. Bxc3 Qxc3 14. Qxc3 Nxc3 15. Ng3 Nd4 16. Kd2 Nd5 17. Ne2 c5 18. Rb1 a5 19. c3 Ne6 20. c4 Ne7 21. g3 Rfd8 22. Bh3 f5 23. Ke3 Ra6 24. Rhd1 g5 25. f4 exf4+ 26. gxf4 g4 27. Bg2 Rd7 28. Nc3 Nd4 29. Bd5+ Kg7 30. b4 axb4 31. axb4 b6 32. bxc5 bxc5 33. Rb8 Ra3 34. Rc1 Ra6 35. Rcb1 Rh6 36. R1b7 Rxb7 37. Rxb7 Kf8 38. Na4 Rh3+ 39. Kf2 Nxd5 40. cxd5 Rxh2+ 41. Kg1 Nf3+ 42. Kf1 g3 43. Rb2 h5 44. Rxh2 Nxh2+ 45. Kg2 h4 46. Nxc5 Ke7 47. Ne6 Ng4 48. Nd4 Ne3+ 49. Kf3 g2 50. Kf2 h3 51. Nf3 Nxd5 52. Ng5 Nxf4 53. d4 h2 0-1


[Site "https://www.chess.com"]